 Dungeon Crawl Stone Soup version 0.27-a0-46-g34d46f0a3f (webtiles) character file.

Game seed: 7582009502382648493

52585 kae the Grappler (level 14, -2/110 HPs)
             Began as a Demonspawn Gladiator on Jan 6, 2021.
             Was the Champion of Wu Jian.
             Slain by a swamp dragon (8 damage)
             ... on level 6 of the Lair of Beasts.
             The game lasted 00:13:48 (21122 turns).

kae the Grappler (Demonspawn Gladiator)            Turns: 21122, Time: 00:13:49

Health: -2/110     AC: 17    Str: 20    XL:     14   Next: 27%
Magic:  17/17      EV: 20    Int:  9    God:    Wu Jian [******]
Gold:   1300       SH:  0    Dex: 15    Spells: 17/17 levels left

rFire    x x .     SeeInvis .     - Unarmed
rCold    + + +     Faith    .   (no shield)
rNeg     . . .     Spirit   .   j - +0 ice dragon scales of Analysis {rElec rPois rF- rC++ Will+} (curse)
rPois    +         Reflect  .   b - +0 helmet
rElec    +         Harm     .   (no cloak)
rCorr    .         Rampage  .   R - +1 pair of gloves
Will     ++...                  (boots unavailable)
Stlth    ++........             H - amulet of regeneration
HPRegen  0.68/turn              P - ring of protection from cold
MPRegen  0.15/turn              O - ring of ice

@: repel missiles
A: talons 3, repulsion field 3, powered by death 1, spiny 2
a: Renounce Religion, Wall Jump, Serpent's Lash, Heavenly Storm


You were on level 6 of the Lair of Beasts.
You worshipped Wu Jian.
Wu Jian was exalted by your worship.
You visited 3 branches of the dungeon, and saw 18 of its levels.
You also visited: Sewer and Ice Cave.

You collected 1311 gold pieces.
You spent 11 gold pieces at shops.

Inventory:

Hand Weapons
 f - a +2 dagger of flaming
Missiles
 c - 4 throwing nets (quivered)
Armour
 b - a +0 helmet (worn)
 j - the cursed +0 ice dragon scales of Analysis (worn) {rElec rPois rF- rC++ Will+}
   (You found it in an ice cave)

   It makes you vulnerable to fire.
   It greatly protects you from cold.
   It insulates you from electricity.
   It protects you from poison.
   It affects your willpower, your defense against some magical effects.
   It has a curse placed upon it.
 R - a +1 pair of gloves (worn)
Jewellery
 a - an uncursed ring of flight
 e - an uncursed ring of fire
 m - an uncursed ring of magical power {unknown}
 s - an uncursed ring of positive energy {unknown}
 t - a +4 ring of evasion
 w - an uncursed ring of ice
 D - a +4 ring of protection
 H - an amulet of regeneration (around neck)
 J - an uncursed ring of willpower
 M - an uncursed ring of resist corrosion
 O - a ring of ice (right hand)
 P - a ring of protection from cold (left hand)
Wands
 n - a wand of disintegration (61)
 u - a wand of digging (4)
 E - a wand of acid (9)
 K - a wand of polymorph (10)
Scrolls
 d - 10 scrolls of remove curse
 h - 7 scrolls of fog
 k - 5 scrolls of fear
 q - 10 scrolls of teleportation
 x - 6 scrolls of magic mapping
 z - 8 scrolls of identify
 B - 6 scrolls of amnesia
 F - 2 scrolls of enchant armour
 N - a scroll of enchant weapon
 T - a scroll of torment {unknown}
Potions
 g - a potion of invisibility
 i - 2 potions of ambrosia
 l - a potion of lignification
 o - 2 potions of flight
 p - 14 potions of curing
 r - a potion of brilliance
 v - 3 potions of cancellation
 A - 2 potions of heal wounds
 C - 4 potions of might
 G - 3 potions of haste
 I - a potion of attraction
 L - a potion of magic
 Q - 3 potions of berserk rage
 S - a potion of degeneration {unknown}
Miscellaneous
 y - a box of beasts


   Skills:
 - Level 10.0 Fighting
 - Level 1.7 Throwing
 - Level 10.0 Armour
 - Level 10.4 Dodging
 - Level 7.0 Stealth
 - Level 12.0 Unarmed Combat
 + Level 2.4 Spellcasting
 - Level 10.0 Evocations


You had 17 spell levels left.
You didn't know any spells.
Your spell library contained the following spells:

 Spells                   Type           Power        Failure   Level
 Freeze                   Ice            4%           65%         1
 Magic Dart               Conj           4%           65%         1
 Ensorcelled Hibernation  Hex/Ice        2%           80%         2
 Poisonous Vapours        Pois/Air       2%           80%         2
 Searing Ray              Conj           2%           80%         2
 Conjure Flame            Conj/Fire      1%           95%         3
 Dazzling Flash           Conj/Hex       2%           95%         3
 Frozen Ramparts          Ice            2%           95%         3
 Mephitic Cloud           Conj/Pois/Air  1%           95%         3
 Ozocubu's Armour         Ice            1%           95%         3
 Fulminant Prism          Conj/Hex       0%           100%        4
 Hailstorm                Conj/Ice       1%           100%        4
 Iskenderun's Mystic Bla  Conj/Tloc      1%           100%        4
 Summon Ice Beast         Ice/Summ       1%           100%        4
 Bolt of Magma            Conj/Fire/Erth 0%           100%        5
 Borgnjor's Vile Clutch   Necr/Erth      0%           100%        5
 Iskenderun's Battlesphe  Conj           1%           100%        5
 Silence                  Hex/Air        0%           100%        5
 Freezing Cloud           Conj/Ice/Air   0%           100%        6
 Iron Shot                Conj/Erth      0%           100%        6
 Shadow Creatures         Summ           N/A          100%        6
 Simulacrum               Ice/Necr       0%           100%        6
 Orb of Destruction       Conj           0%           100%        7
 Spellforged Servitor     Conj/Summ      0%           100%        7


Dungeon Overview and Level Annotations

Branches:
Dungeon (12/15)            Temple (1/1) D:4            Lair (4/6) D:8
  Snake (0/4) Lair:2        Slime (0/5) Lair:6          Orc (0/2) D:10
  Sewer (visited)           IceCv (visited)
  Swamp: Lair:2-4    Shoals: Lair:2-4

Altars:
Ashenzari
Cheibriados
Dithmenos
Elyvilon
Fedhas
Gozag
Hepliaklqana
Kikubaaqudgha
Makhleb
Nemelex Xobeh
Okawaru
Qazlal
Ru
Sif Muna
Trog
Uskayaw
Vehumet
Wu Jian
Xom
Yredelemnul
Zin
The Shining One
Jiyva
Lugonu

Shops:
D:11 ?

Annotations:
D:6 3 runed translucent doors, emiel's ghost, novice TrDe
D:7 Maurice
D:10 2 runed translucent doors


Innate Abilities, Weirdness & Mutations

You have claws for feet.
You are surrounded by a strong repulsion field. (EV +4, RMsl)
You regenerate a little health from kills.
You are mostly covered in sharp spines.


Message History

The swamp dragon barely misses you. The fire dragon closely misses you.
The fire dragon misses you. x2
You punch the fire dragon!
You punch the fire dragon, but do no damage.
The fire dragon is almost dead.
The swamp dragon barely misses you.
The swamp dragon claws you but does no damage.
The swamp dragon misses you.
The basilisk bites the plant.
You barely miss the fire dragon.
You claw the fire dragon, but do no damage.
The fire dragon is almost dead.
A nearby plant withers and dies.
The fire dragon is struck by your spines.
The fire dragon misses you. The fire dragon barely misses you.
The fire dragon completely misses you.
You barely miss the fire dragon.
The fire dragon is almost dead.
The swamp dragon is struck by your spines.
The swamp dragon bites you!
You die...

♣♣♣♣♣♣
♣♣♣≈≈≈.♣♣
♣..≈≈≈@.♣
♣♣.≈≈≈DD..♣
♣♣♣..≈.♣♣l≈..♣
♣♣..P..♣♣≈.≈..♣
♣♣..P.≈♣♣
.≈≈≈≈..
♣..♣.≈♣♣
$$.≈≈.≈.♣
♣♣..≈≈♣♣
$..≈≈.♣♣♣ #
♣♣.♣.†.♣
.?..≈≈.. #
♣...P≈≈♣♣


You could see a fire dragon (catching breath), a swamp dragon and a basilisk.

Vanquished Creatures
  Erolcha (D:11)
  4 hydras
  Fannar (D:12)
  2 boulder beetles
  A centaur warrior (D:11)
  A catoblepas (Lair:2)
  Erica (D:11)
  3 two-headed ogres
  7 death yaks (Lair:6)
  An unseen horror (D:10)
  3 ugly things
  2 cyclopes (D:12)
  2 manticores (D:12)
  3 ice statues (IceCv)
  Joseph (D:7)
  8 elephants
  6 black mambas
  A gargoyle (D:12)
  12 cane toads
  A kobold demonologist (D:10)
  4 komodo dragons
  A rime drake (Lair:2)
  3 trolls
  2 polar bears
  4 blink frogs (Lair:6)
  2 shadows
  A vampire (D:12)
  Eustachio (D:6)
  3 basilisks
  71 yaks
  5 wyverns
  2 steam dragons (Lair:6)
  9 water moccasins
  4 black bears
  8 ice beasts
  4 orc warriors
  2 swamp drakes (Lair:6)
  5 sky beasts
  A necrophage (D:11)
  2 phantoms
  An eye of draining (D:8)
  13 wolves
  2 ogres
  11 centaurs
  6 big kobolds
  12 bullfrogs
  A gnoll sergeant (D:7)
  A water moccasin zombie (D:6)
  2 scorpions (D:5)
  10 killer bees
  20 wights
  2 electric eels (Lair:2)
  4 howler monkeys
  5 crimson imps
  2 centaur zombies
  A bullfrog zombie (D:5)
  2 quasits
  4 orc priests
  3 jellies
  3 centaur skeletons
  5 hounds
  11 orc wizards
  5 iguanas
  A bullfrog skeleton (D:8)
  Natasha (thrice) (D:4)
  10 worker ants
  A hound zombie (D:6)
  A hound skeleton (D:4)
  A howler monkey skeleton (D:9)
  A worker ant zombie (D:5)
  12 gnolls
  2 howler monkey zombies
  2 river rats (Sewer)
  25 adders
  A shadow imp (D:6)
  5 white imps
  4 ufetubi
  7 oozes
  5 worms
  4 dart slugs
  5 leopard geckos
  21 orcs
  8 bats
  5 giant cockroaches
  3 hobgoblins
  2 jackals (D:9)
  6 quokkas
  6 ball pythons
  3 frilled lizards
  6 goblins
  17 kobolds
  A leopard gecko skeleton (D:5)
  A quokka skeleton (D:5)
  12 rats
502 creatures vanquished.

Vanquished Creatures (others)
  A wizard (D:6)
  An acid dragon (Lair:6)
  An iguana (Lair:6)
  21 fungi
  38 plants
62 creatures vanquished.

Grand Total: 564 creatures vanquished

Notes
Turn   | Place    | Note
-------+----------+-------------------------------------------
     0 | D:1      | kae the Demonspawn Gladiator began the quest for the Orb.
     0 | D:1      | Reached XP level 1. HP: 16/16 MP: 1/1
   250 | D:1      | Reached skill level 3 in Unarmed Combat
   258 | D:1      | Gained mutation: You are surrounded by a mild repulsion
                  | field. (EV +2) [demonic ancestry]
   258 | D:1      | Reached XP level 2. HP: 13/22 MP: 2/2
   924 | D:1      | Reached XP level 3. HP: 20/28 MP: 3/3
  1523 | D:2      | Found a blossoming altar of Fedhas.
  1614 | D:2      | Reached skill level 4 in Unarmed Combat
  1687 | D:2      | Gained mutation: You are surrounded by a moderate repulsion
                  | field. (EV +3) [demonic ancestry]
  1687 | D:2      | Reached XP level 4. HP: 34/34 MP: 4/4
  2612 | D:3      | Gained mutation: You are surrounded by a strong repulsion
                  | field. (EV +4, RMsl) [demonic ancestry]
  2612 | D:3      | Reached XP level 5. HP: 38/41 MP: 5/5
  2833 | D:3      | Found a glowing drain.
  3057 | Sewer    | Entered a sewer
  3191 | Sewer    | Reached skill level 5 in Unarmed Combat
  3472 | Sewer    | Gained mutation: You are partially covered in sharp spines.
                  | [demonic ancestry]
  3472 | Sewer    | Reached XP level 6. HP: 37/48 MP: 6/6
  4110 | Sewer    | Reached skill level 6 in Unarmed Combat
  4111 | Sewer    | Gained mutation: You have sharp toenails. [demonic
                  | ancestry]
  4111 | Sewer    | Reached XP level 7. HP: 49/55 MP: 7/7
  4830 | D:3      | Found a bloodstained altar of Trog.
  4985 | D:4      | Reached skill level 5 in Fighting
  5080 | D:4      | Found an ancient bone altar of Kikubaaqudgha.
  5133 | D:4      | Found a staircase to the Ecumenical Temple.
  5190 | D:4      | Noticed Natasha
  5201 | D:4      | Killed Natasha
  5202 | D:4      | Reached skill level 7 in Unarmed Combat
  5368 | D:4      | Found a hazy altar of Hepliaklqana.
  5467 | D:4      | Noticed Natasha
  5472 | D:4      | Killed Natasha
  5650 | D:4      | Noticed Natasha
  5660 | D:4      | Killed Natasha
  5661 | D:4      | Gained mutation: You have razor-sharp toenails. [demonic
                  | ancestry]
  5661 | D:4      | Reached XP level 8. HP: 24/63 MP: 8/8
  5908 | D:4      | Found a shimmering altar of Xom.
  6252 | D:4      | Found a staircase to the Ecumenical Temple.
  6307 | D:4      | Found a hazy altar of Hepliaklqana.
  6413 | D:4      | Found an ancient bone altar of Kikubaaqudgha.
  6703 | D:4      | Found a shimmering altar of Xom.
  6964 | D:4      | Found a hazy altar of Hepliaklqana.
  7055 | D:4      | Found an ancient bone altar of Kikubaaqudgha.
  7281 | D:4      | Found a shimmering altar of Xom.
  7360 | D:4      | Found a staircase to the Ecumenical Temple.
  7645 | D:4      | Found an ancient bone altar of Kikubaaqudgha.
  7682 | D:4      | Found a shimmering altar of Xom.
  7949 | D:4      | Found a hazy altar of Hepliaklqana.
  8079 | D:4      | Found a staircase to the Ecumenical Temple.
  8332 | Temple   | Entered the Ecumenical Temple
  8365 | Temple   | Became a worshipper of the Wu Jian Council
  8399 | D:5      | Entered Level 5 of the Dungeon
  8589 | D:5      | Found a shimmering altar of Xom.
  8590 | D:5      | Found a burning altar of Makhleb.
  8727 | D:5      | Reached skill level 8 in Unarmed Combat
  9652 | D:6      | Reached skill level 9 in Unarmed Combat
  9676 | D:6      | Found a shimmering blue altar of Sif Muna.
  9795 | D:6      | Noticed Eustachio
  9813 | D:6      | Killed Eustachio
  9813 | D:6      | Reached * piety under Wu Jian
  9814 | D:6      | Gained mutation: You have claws for feet. [demonic
                  | ancestry]
  9814 | D:6      | Reached XP level 9. HP: 62/72 MP: 9/9
  9869 | D:6      | Found a bloodstained altar of Trog.
  9870 | D:6      | Noticed a wizard
  9875 | D:6      | Killed a wizard
  9958 | D:6      | Found a runed translucent gate.
  9958 | D:6      | Found a runed translucent gate.
  9958 | D:6      | Found a runed translucent gate.
  9958 | D:6      | Noticed emiel's ghost (novice TrDe)
 10349 | D:7      | Found a basalt altar of Yredelemnul.
 10367 | D:7      | Found a hide-covered altar of Uskayaw.
 10387 | D:7      | Reached skill level 10 in Unarmed Combat
 10983 | D:7      | Found an iron altar of Okawaru.
 11192 | D:7      | Noticed Joseph
 11220 | D:7      | Killed Joseph
 11825 | D:7      | Reached skill level 11 in Unarmed Combat
 11884 | D:8      | Noticed Maurice
 11892 | D:7      | Reached XP level 10. HP: 57/82 MP: 10/10
 12170 | D:7      | Reached skill level 1 in Armour
 12843 | D:8      | Found a staircase to the Lair.
 12890 | D:8      | Found a snail-covered altar of Cheibriados.
 12890 | D:8      | Found a radiant altar of Vehumet.
 12890 | D:8      | Found a broken altar of Ashenzari.
 12966 | D:8      | Reached ** piety under Wu Jian
 13069 | D:8      | Found a snail-covered altar of Cheibriados.
 13852 | D:9      | Noticed a two-headed ogre
 13860 | D:9      | Killed a two-headed ogre
 13880 | D:9      | Reached skill level 12 in Unarmed Combat
 13894 | D:9      | Gained mutation: You are mostly covered in sharp spines.
                  | [demonic ancestry]
 13894 | D:9      | Reached XP level 11. HP: 64/89 MP: 11/11
 13896 | D:9      | Reached *** piety under Wu Jian
 13978 | D:9      | Reached skill level 5 in Dodging
 14046 | D:9      | Found a shadowy altar of Dithmenos.
 14104 | D:9      | You fall into a shaft and drop 3 floors!
 14129 | D:12     | Reached skill level 10 in Fighting
 14154 | D:12     | Reached skill level 5 in Armour
 14293 | D:11     | Noticed Erica
 14293 | D:11     | Noticed a centaur warrior
 14300 | D:11     | Killed a centaur warrior
 14304 | D:11     | Killed Erica
 14381 | D:11     | Reached **** piety under Wu Jian
 14392 | D:11     | Noticed a two-headed ogre
 14400 | D:11     | Killed a two-headed ogre
 14427 | D:11     | Reached XP level 12. HP: 84/97 MP: 12/12
 14591 | D:11     | Found Sijamif's Magic Scroll Boutique.
 14600 | D:11     | Bought a scroll of noise for 11 gold pieces
 14605 | D:11     | Noticed Erolcha
 14612 | D:11     | Killed Erolcha
 14935 | D:12     | Noticed a boulder beetle
 14966 | D:12     | Killed a boulder beetle
 15069 | D:12     | Noticed a two-headed ogre
 15077 | D:12     | Killed a two-headed ogre
 15245 | D:12     | Noticed Fannar
 15258 | D:12     | Killed Fannar
 15268 | D:12     | Reached ***** piety under Wu Jian
 15729 | D:10     | Entered Level 10 of the Dungeon
 15796 | D:10     | Found a staircase to the Orcish Mines.
 15963 | D:10     | Found a large runed translucent door.
 15963 | D:10     | Found a large runed translucent door.
 16167 | D:10     | Got a brightly glowing brass ring
 16294 | D:10     | Reached skill level 10 in Dodging
 16381 | D:10     | Identified the cursed ring of Xom's Entertainment {*Slow
                  | rF+ rN+ Will+ Str-4} (You found it on level 10 of the
                  | Dungeon)
 16512 | D:9      | Found a sacrificial altar of Ru.
 16514 | D:9      | Identified the Catalogue of the Glacier
 16518 | D:9      | Found a sparkling altar of Nemelex Xobeh.
 16521 | D:9      | Found a blossoming altar of Fedhas.
 16745 | Lair:1   | Entered Level 1 of the Lair of Beasts
 16856 | Lair:1   | Found a frozen archway.
 16901 | IceCv    | Entered an ice cave
 17248 | IceCv    | Got heavily runed ice dragon scales
 17298 | Lair:1   | Identified the cursed +0 ice dragon scales of Analysis
                  | {rElec rPois rF- rC++ Will+} (You found it in an ice cave)
 17688 | Lair:1   | Noticed a four-headed hydra
 17697 | Lair:1   | Killed a four-headed hydra
 17698 | Lair:1   | Reached skill level 10 in Armour
 17698 | Lair:1   | Reached XP level 13. HP: 73/103 MP: 13/13
 17967 | Lair:2   | Reached skill level 1 in Evocations
 18138 | Lair:2   | Found a staircase to the Snake Pit.
 18150 | Lair:2   | Reached skill level 5 in Evocations
 19173 | Lair:3   | Found a white marble altar of Elyvilon.
 19865 | Lair:4   | You fall into a shaft and drop 2 floors!
 19865 | Lair:6   | Entered Level 6 of the Lair of Beasts
 20090 | Lair:6   | Reached skill level 10 in Evocations
 20096 | Lair:6   | Reached skill level 1 in Stealth
 20326 | Lair:6   | Gained mutation: You regenerate a little health from kills.
                  | [demonic ancestry]
 20326 | Lair:6   | Reached XP level 14. HP: 10/110 MP: 14/14
 20419 | Lair:6   | Found a staircase to the Slime Pits.
 20419 | Lair:6   | Found a viscous altar of Jiyva.
 20422 | Lair:6   | Reached skill level 5 in Stealth
 20932 | Lair:6   | Reached skill level 1 in Spellcasting
 21083 | Lair:6   | Reached ****** piety under Wu Jian
 21119 | Lair:6   | HP: 4/110 [swamp dragon (3)]
 21122 | Lair:6   | Slain by a swamp dragon

Illustrated notes

Levels and vault maps discovered:
D:1:      lightli_arrival_isolated_outpost, layout_loops_corners,
          hangedman_decor_growths, st_stairs_9
D:2:      cheibrodos_old_hovel, layout_rooms, fedhas_altar_fruit_tree
D:3:      layout_loops_ring, marbit_many_paths, cheibrodos_sewer_entry_sluice
D:4:      layout_basic, kennysheep_little_box, general_overflow_altar,
          minmay_temple_entry_drinking_statues, roderic_roman_lattice,
          led_xom_imps, uniq_natasha
D:5:      layout_basic, grunt_temple_overflow_champion_of_chaos,
          serial_co_window_serial, co_window_of_opportunity_a,
          co_window_cross_1, co_window_paths_a, co_window_paths_a,
          co_window_paths_b, co_window_broadway_c, co_window_cross_4,
          co_window_paths_c, co_window_of_opportunity_c,
          co_window_unsneaky_path_e, co_window_corner_ca, co_window_corner_b,
          co_window_4corner_a, glass_columns_a, glass_columns_a,
          glass_columns_a, glass_columns_a, glass_columns_a
D:6:      kennysheep_orc_sif_temple, layout_rooms,
          gammafunk_ghost_nasty_kobolds, trog_wizard, uniq_eustachio
D:7:      layout_gridville, old_standard_altar, lemuel_round_altar,
          lemuel_doored_altar, hangedman_decor_peaks_small, uniq_joseph
D:8:      layout_cave_pools, gammafunk_temple_overflow_forgotten,
          david_lair_generic, cheibriados_altar_1, uniq_maurice
D:9:      layout_basic, nicolae_dithmenos_shadow_blocks,
          grunt_temple_overflow_diamond
D:10:     layout_long_grid, orc_0_dummy, jmf_multi_god_temple2
D:11:     layout_basic, serial_shops, shop_scrolls, uniq_erica, uniq_erolcha
D:12:     layout_basic, st_stairs_8, kennysheep_generic_room_7, uniq_fannar
Temple:   corrupted_temple
Lair:1:   layout_hall_layers, portal_ice_cave_entry_pillars_1
Lair:2:   layout_gridlike, dummy_snake_entry
Lair:3:   layout_chaotic_city, basic_altar
Lair:4:   layout_cave_pods, swamp_mist
Lair:6:   guppyfry_lair_end_dragon, layout_loops_ring, wormcave, slime_altar_1,
          grunt_megastairs_3

Skill      XL: |  1  2  3  4  5  6  7  8  9 10 11 12 13 14 |
---------------+-------------------------------------------+-----
Unarmed Combat | 3 4 5 6 7 9 11 12 | 12.0
Fighting       | 3 4 5 7 8 9 10 | 10.0
Armour         | 3 7 10 | 10.0
Dodging        | 4 7 10 | 10.4
Evocations     | 10 | 10.0
Stealth        | 4 7 |  7.0
Spellcasting   | 2 |  2.4
Throwing       | |  1.7

Action                   |  1- 3 |  4- 6 |  7- 9 | 10-12 | 13-15 || total
-------------------------+-------+-------+-------+-------+-------++-------
Melee: Unarmed           |    13 |       |   231 |   660 |   481 ||  1385
       Dagger            |   133 |   289 |   117 |       |       ||   539
       Punch             |     2 |     4 |    10 |    37 |    42 ||    95
       Kick              |       |       |   121 |   274 |   198 ||   593
Invok: Lunge             |       |       |    15 |    46 |    25 ||    86
       Whirlwind         |       |       |       |    18 |    15 ||    33
Evoke: Wand              |       |       |       |       |     2 ||     2
  Use: Scroll            |       |       |    13 |    16 |     1 ||    30
       Potion            |       |       |       |     1 |       ||     1
 Stab: Sleeping          |     2 |       |       |       |       ||     2
       Petrified         |       |       |       |       |     8 ||     8
       Confused          |       |       |       |       |     1 ||     1
Armor: Leather armour    |    48 |    62 |     4 |       |       ||   114
       Chain mail        |       |       |    83 |   168 |       ||   251
       Ice dragon scales |       |       |       |    10 |   131 ||   141
Dodge: Dodged            |   121 |   215 |   196 |   463 |   381 ||  1376
       Repelled          |       |       |       |     3 |     2 ||     5

Table legend: (Time is in decaauts)
 A = Elapsed time spent in this place.
 B = Non-inter-level travel time spent in this place.
 C = Inter-level travel time spent in this place.
 D = Time resting spent in this place.
 E = Time spent auto-exploring this place.
 F = Levels seen in this place.
 G = Mean time per level.
                   A        B        C        D        E       F      G
               +--------+--------+--------+--------+--------+-----+--------+
         Total |  21037 |  20427 |    610 |   3182 |  14193 |  20 | 1051.8 |
       Dungeon |  15321 |  14840 |    481 |   2449 |  10534 |  12 | 1276.8 |
        Temple |     49 |     34 |     15 |      0 |     29 |   1 |   49.0 |
          Lair |   3889 |   3776 |    113 |    351 |   2754 |   5 |  777.8 |
         Sewer |   1409 |   1409 |      0 |    243 |    824 |   1 | 1409.0 |
      Ice Cave |    367 |    367 |      0 |    139 |     52 |   1 |  367.0 |
               +--------+--------+--------+--------+--------+-----+--------+

Top non-repeatable levels by time:
     D:4: 3416 daAuts
     D:7: 2382 daAuts
     D:1: 1697 daAuts
   Sewer: 1409 daAuts
  Lair:6: 1194 daAuts
     D:3: 1180 daAuts
     D:5: 1146 daAuts
     D:8: 1072 daAuts
  Lair:2: 1029 daAuts
    D:12: 1023 daAuts
     D:2: 817 daAuts
  Lair:1: 788 daAuts
     D:6: 787 daAuts
    D:10: 682 daAuts
  Lair:3: 615 daAuts
